[Event "*** Titled Tuesday 3|2 Blitz"]
[Site "Chess.com"]
[Date "2015.07.07"]
[Round "8"]
[White "zmaj23"]
[Black "jbj"]
[Result "1-0"]
[WhiteElo "2459"]
[BlackElo "2284"]
[TimeControl "180+2"]
[EndTime "12:39:38 PDT"]
[Termination "zmaj23 won by checkmate"]

1. e4 d6 2. Nc3 Nf6 3. d4 e5 4. Nf3 Nbd7 5. Rg1 exd4 6. Nxd4 Nc5 7. f3 h5 8. Be3 a5 9. Qd2 c6 10. a4 Qc7 11. Bc4 Be7 12. O-O-O Bd7 13. Kb1 g6 14. h3 Ne6 15. g4 hxg4 16. hxg4 O-O-O 17. g5 Nh5 18. Nb3 b6 19. Qf2 Kb7 20. f4 Rdf8 21. f5 Nc5 22. f6 Bd8 23. e5 Nxb3 24. exd6 Qc8 25.
Bxb3 Be6 26. Bxe6 Qxe6 27. d7 Bc7 28. Rge1 Bg3 29. Qg1 Bxe1 30. Bxb6 Bxc3 31. bxc3 Rd8 32. Bc7 Ka8 33. Qb6 Qc4 34. Bxd8 Nf4 35. Bc7 Nd5 36.
Rxd5 Qxd5 37. Qa6# 1-0

[Event "*** Titled Tuesday 3|2 Blitz"]
[Site "Chess.com"]
[Date "2015.07.07"]
[Round "8"]
[White "Recombinant"]
[Black "jup1978"]
[Result "1-0"]
[WhiteElo "2109"]
[BlackElo "2126"]
[TimeControl "180+2"]
[EndTime "12:39:38 PDT"]
[Termination "Recombinant won by resignation"]

1. d4 e6 2. c4 Nf6 3. Nc3 Bb4 4. Nf3 c5 5. g3 cxd4 6. Nxd4 Nc6 7. Bg2 O-O 8. O-O Bxc3 9. bxc3 h6 10. Ba3 Re8 11. Bd6 a6 12. c5 Qa5 13. Qd3 e5 14. Nb3 Qb5 15. c4 Qa4 16. Nd2 Nb4 17. Qb3 Qxb3 18.
axb3 Nc2 19. Rab1 Nd4 20. e3 Nf5 21. Ne4 Nxe4 22. Bxe4 Nxd6 23. cxd6 Rb8 24. c5 Re6 25. b4 b6 26. Bd5 Rf6 27. Rfc1 Bb7 28. Bxb7 Rxb7 29.
Ra1 bxc5 30. bxc5 Ra7 31. Ra5 e4 32. Rc4 Re6 33. Kf1 Re5 34. Ke2 f5 35. Kd2 Rd5+ 36.
Kc3 Kf7 37. Rd4 Ke6 38. Kc4 Re5 39. Rd1 g5 40. Rda1 f4 41. Rxa6 Rxa6 42. Rxa6 fxg3 43. fxg3 Rf5 44. Kd4 Rd5+ 45. Kc4 Rd3 46. Ra8 Rxe3 47. Re8+ Kf6 48. Kd4 Re2 49. h4 gxh4 50. gxh4 Rd2+ 51. Kc4 Rc2+ 52. Kb5 Kf5 53. Re7 Rb2+ 54. Ka6 Rb4 55. Rxd7 e3 56. Re7 Rc4 57. d7 Rd4 58. c6 Rd6 59.
Kb6 1-0

[Event "*** Titled Tuesday 3|2 Blitz"]
[Site "Chess.com"]
[Date "2015.07.07"]
[Round "8"]
[White "Canonkasparov"]
[Black "jcibarra"]
[Result "0-1"]
[WhiteElo "2247"]
[BlackElo "2528"]
[TimeControl "180+2"]
[EndTime "12:39:44 PDT"]
[Termination "jcibarra won by resignation"]

1. d4 Nf6 2. Nf3 g6 3. c3 Bg7 4. Bg5 O-O 5. Nbd2 d6 6. e3 c5 7. Bc4 Nc6 8. O-O h6 9. Bh4 cxd4 10. exd4 g5 11. Bg3 Nh5 12. Re1 e6 13. a4 f5 14. d5 Ne7 15. dxe6 f4 16. Nd4 fxg3 17. hxg3 Nf6 18. Ba2 d5 19. N2f3 Qd6 20. Ne5 Ne4 21. Nf7 Qb6 22. Qh5 Qxb2 23. Ne2 Nf6 24. Nxh6+ Kh7 25.
Qh3 Bxh6 26. Bb1+ Kg7 27. Bd3 Qb6 28. Rab1 Qxe6 29. g4 Qxg4 30. Qe3 Nc6 31. Nd4 Nxd4 32. cxd4 Qf4 33. Qe7+ Rf7 34. Qd8 Qc7 35. Qxc7 Rxc7 36. Re5 g4 37. Rbe1 Rc1 38. Rxc1 Bxc1 39. Re7+ Kf8 40. Rc7 Bf4 41. Rc2 Bd7 42. a5 Rc8 43. Rxc8+ Bxc8 44. g3 Bd2 45. Kf1 Bxa5 46. Ke2 Bc3 47.
f3 Bxd4 48. fxg4 Bxg4+ 0-1

[Event "*** Titled Tuesday 3|2 Blitz"]
[Site "Chess.com"]
[Date "2015.07.07"]
[Round "8"]
[White "HansCoolNiemann"]
[Black "nijat_a"]
[Result "0-1"]
[WhiteElo "1987"]
[BlackElo "2620"]
[TimeControl "180+2"]
[EndTime "12:40:21 PDT"]
[Termination "nijat_a won by checkmate"]

1. d4 Nf6 2. Bf4 e6 3. Nd2 c5 4. e3 Nc6 5. c3 d5 6. Ngf3 Be7 7. dxc5 Bxc5 8. Bd3 O-O 9. O-O Qe7 10. e4 dxe4 11. Nxe4 Nxe4 12. Bxe4 e5 13. Bd2 a5 14. Qa4 Bd7 15.
Qc2 f5 16. Bd5+ Kh8 17. Bg5 Qe8 18. Be3 Bxe3 19. fxe3 e4 20. Nd4 Qe5 21. Bxc6 Bxc6 22. g3 Bb5 23. c4 Bd7 24. Rad1 Rac8 25. Qb3 Qb8 26. Nb5 Be6 27. Rd4 Rc5 28. Qc3 Bxc4 29. Rxc4 Rxb5 30. Rc7 Rg8 31. Rd1 Qf8 32. Rdd7 b6 33.
Rxg7 Rxg7 34. Rc8 Qxc8 35. Qxc8+ Rg8 36. Qc4 Rc5 37. Qd4+ Rg7 38. Qd8+ Rg8 39. Qxb6 Rgc8 40. Qf6+ Kg8 41. Qe6+ Kf8 42. Qf6+ Ke8 43. Qe6+ Kf8 44. Qf6+ Kg8 45. Qe6+ Kg7 46. Qe7+ Kg6 47. Qe6+ Kg5 48. Qe7+ Kg4 49. Qh4+ Kf3 50. Qf4+ Ke2 51. Qf2+ Kd3 52. Qf1+ Kxe3 53. Qe1+ Kd4 54. Qd2+ Ke5 55. Qf4+ Ke6 56. Qh6+ Kd5 57. Qd2+ Kc6 58. Qh6+ Kb5 59. Qxh7 R8c7 60. Qg8 a4 61. Qb8+ Kc4 62. b3+ Kd3 63. bxa4 Rc1+ 64. Kg2 R1c2+ 65. Kg1 Ke3 66. Qb6+ Kf3 67. Qb3+ R7c3 68.
h3 Rc1+ 69. Kh2 Rxb3 70. axb3 e3 71. a5 e2 72. a6 e1=Q 73. a7 Qh1# 0-1

[Event "*** Titled Tuesday 3|2 Blitz"]
[Site "Chess.com"]
[Date "2015.07.07"]
[Round "8"]
[White "alturas_pacificas"]
[Black "Dlugy"]
[Result "0-1"]
[WhiteElo "2096"]
[BlackElo "2558"]
[TimeControl "180+2"]
[EndTime "12:40:24 PDT"]
[Termination "Dlugy won by checkmate"]

1. d4 Nf6 2. Bf4 c5 3. c3 g6 4. e3 b6 5. Be2 Bb7 6. Bf3 Qc8 7. Bxb7 Qxb7 8. Qf3 Qxf3 9. Nxf3 Bg7 10. Nbd2 Nc6 11. h3 O-O 12. O-O d5 13. Ne5 Rfc8 14.
Nxc6 Rxc6 15. Rfd1 e6 16. Be5 Nd7 17. Bxg7 Kxg7 18.
Nf3 b5 19. Kf1 Rac8 20. Ke2 Nb6 21. b3 a5 22. Ne5 R6c7 23. Nd3 Nd7 24. Ne5 Nxe5 25.
dxe5 c4 26. b4 axb4 27. cxb4 Ra8 28. Rdb1 Ra3 29. Kd2 Rca7 30. f4 Rxa2+ 31. Rxa2 Rxa2+ 32. Kc3 Rxg2 33. Kd4 Rg3 34. Kc5 Rxe3 35. Kxb5 c3 36. Kc5 c2 37. Rc1 Rc3+ 38. Kd4 Rc4+ 39. Ke3 Rxb4 40.
Rxc2 Rb3+ 41. Kd4 Rf3 42. Rc7 Rxf4+ 43. Ke3 Re4+ 44. Kf3 Rxe5 45. Kf4 Re4+ 46. Kg3 h5 47.
h4 Rg4+ 48. Kh3 d4 49. Rd7 e5 50. Kh2 Kf6 51. Kh3 Ke6 52. Rd8 Ke7 53. Rd5 f6 54. Ra5 d3 55. Ra2 Rd4 56. Rd2 e4 57. Kg2 e3 58.
Ra2 d2 59. Ra7+ Rd7 60. Ra3 d1=Q 61. Rxe3+ Kf7 62. Kg3 Qg4+ 63. Kf2 Rd2+ 64. Kf1 Qg2+ 65. Ke1 Qf2# 0-1

[Event "*** Titled Tuesday 3|2 Blitz"]
[Site "Chess.com"]
[Date "2015.07.07"]
[Round "8"]
[White "goldaxe"]
[Black "stefanodinn"]
[Result "1-0"]
[WhiteElo "2151"]
[BlackElo "2115"]
[TimeControl "180+2"]
[EndTime "12:40:34 PDT"]
[Termination "goldaxe won by resignation"]

1. e4 c5 2. Nf3 d6 3. d4 cxd4 4. Nxd4 Nf6 5. Nc3 a6 6. Be3 e5 7. Nb3 Be6 8. Qd2 Nbd7 9. O-O-O Be7 10. f4 Ng4 11. g3 Nxe3 12. Qxe3 O-O 13. Kb1 b5 14. h4 b4 15. Nd5 Bxd5 16. exd5 a5 17. fxe5 Nxe5 18. Nd4 Qb6 19. Bb5 a4 20. Rhe1 Bf6 21.
Bc6 Nxc6 22. Nxc6 Qb7 23. g4 a3 24. b3 Bc3 25. Re2 Qd7 26. Qf4 Rae8 27. Rxe8 Rxe8 28.
Nxb4 Qe7 29. Nc6 Qe1 30. Rxe1 Rxe1+ 31. Qc1 Rxc1+ 32. Kxc1 f6 33. Kd1 Kf7 34. Ke2 g6 35. Kd3 1-0

[Event "*** Titled Tuesday 3|2 Blitz"]
[Site "Chess.com"]
[Date "2015.07.07"]
[Round "8"]
[White "pedromartinez91"]
[Black "AndreyOstrovskiy"]
[Result "1-0"]
[WhiteElo "2189"]
[BlackElo "2331"]
[TimeControl "180+2"]
[EndTime "12:40:37 PDT"]
[Termination "pedromartinez91 won by resignation"]

1. d4 Nf6 2. Nf3 e6 3. g3 b6 4. Bg2 Bb7 5. O-O d5 6. c4 dxc4 7. Qa4+ Nbd7 8. Ne5 Bxg2 9. Kxg2 Bd6 10. Nc6 Qc8 11.
Qxc4 a5 12. f3 Qa6 13. Qc2 h5 14. e4 e5 15. dxe5 Nxe5 16. Nxe5 Bxe5 17. Qc6+ Ke7 18. Nc3 h4 19. Bg5 Bxc3 20. Qxc3 hxg3 21. Qxc7+ Kf8 22.
Qxg3 Qb5 23. Rf2 Nh5 24. Qd6+ Kg8 25. Qd5 Qe8 26. Rd1 b5 27. Qxa8 Nf4+ 28. Kg3 Qxa8 29. Rd8+ Qxd8 30. Bxd8 Ne6 31. Bxa5 Kh7 32. Bc3 Ra8 33.
a3 g5 34. Rd2 Kg6 35. Rd5 Rb8 36. Rf5 Rb7 37. Rf6+ Kh5 38. Rf5 Nf4 39. Bd2 Ne6 40. h4 f6 41. Rxf6 gxh4+ 42. Kh3 Ng5+ 43. Bxg5 Kxg5 44. Rf5+ Kg6 45. Kxh4 b4 46. a4 1-0

[Event "*** Titled Tuesday 3|2 Blitz"]
[Site "Chess.com"]
[Date "2015.07.07"]
[Round "8"]
[White "Jahonas"]
[Black "Cryptochess"]
[Result "0-1"]
[WhiteElo "2123"]
[BlackElo "2370"]
[TimeControl "180+2"]
[EndTime "12:40:51 PDT"]
[Termination "Cryptochess won on time"]

1. d4 Nf6 2. Nf3 e6 3. g3 c5 4. Bg2 Nc6 5. O-O b6 6. dxc5 Bxc5 7. a3 a5 8. Nc3 O-O 9. Bg5 d5 10. e4 d4 11. Nb5 e5 12. Re1 Ba6 13. Bf1 Be7 14. Bd3 h6 15. Bd2 Nd7 16. Qe2 Nc5 17. a4 Qd7 18. Bc4 Rac8 19. b3 Kh8 20. Rf1 f5 21.
exf5 Qxf5 22. Ne1 e4 23. Rd1 Bxb5 24. Bxb5 Ne5 25. Bf4 Ng6 26. Rxd4 Nxf4 27. gxf4 Bf6 28. Rc4 Qxf4 29. f3 Be5 30. fxe4 Qg5+ 31. Qg2 Qe3+ 32.
Kh1 Rxf1+ 33. Qxf1 Rd8 34. Nd3 Nxd3 35. cxd3 Qd2 36. Qg2 Qd1+ 37. Qg1 Qf3+ 38. Qg2 Qxd3 39. Rc1 Qe3 40. Rf1 Rd2 0-1

[Event "*** Titled Tuesday 3|2 Blitz"]
[Site "Chess.com"]
[Date "2015.07.07"]
[Round "8"]
[White "GMHess"]
[Black "Ginger_GM"]
[Result "1-0"]
[WhiteElo "2538"]
[BlackElo "2396"]
[TimeControl "180+2"]
[EndTime "12:41:15 PDT"]
[Termination "GMHess won by resignation"]

1. c4 f5 2. Nc3 Nf6 3. g3 e6 4. Bg2 Be7 5. Nh3 O-O 6. O-O d6 7. d4 c6 8. b3 e5 9. d5 h6 10.
dxc6 bxc6 11. f4 e4 12. Ba3 Qa5 13. Qc1 Ng4 14. Nf2 Nxf2 15. Rxf2 Na6 16. e3 Be6 17. Ne2 Nb4 18. Nd4 Nd3 19. Nxc6 Qc7 20. Nxe7+ Qxe7 21.
Qd2 Nxf2 22. Kxf2 Rfd8 23. Rd1 Qf7 24. Bxd6 a5 25. c5 a4 26. b4 Bxa2 27. b5 a3 28. Ra1 Bc4 29. Qb4 a2 30. b6 Bd5 31.
Bf1 Qh5 32. Kg1 Qf3 33. Qd2 Ra3 34. Qxd5+ Kh8 35. Qd2 Rxe3 36. Qf2 Ra3 37. Qxf3 exf3 38. Bc4 Re8 39. Rxa2 Rc3 40. b7 Rxc4 41. Ra8 Re4 1-0

[Event "*** Titled Tuesday 3|2 Blitz"]
[Site "Chess.com"]
[Date "2015.07.07"]
[Round "8"]
[White "AlexanderL"]
[Black "lexiel"]
[Result "0-1"]
[WhiteElo "2514"]
[BlackElo "2252"]
[TimeControl "180+2"]
[EndTime "12:41:21 PDT"]
[Termination "lexiel won by checkmate"]

1. g3 d5 2. Nf3 c6 3. Bg2 Nf6 4. c4 Bg4 5. Qb3 Bxf3 6. Bxf3 Qd7 7. O-O e6 8. d4 a5 9. Qc2 Na6 10. a3 Be7 11. Rd1 O-O 12. b3 b5 13. Nc3 b4 14.
Na4 Rfb8 15. c5 Bd8 16. Bg2 h6 17. f3 Bc7 18. e4 bxa3 19. e5 Nb4 20. Qe2 Ne8 21.
Rxa3 f6 22. f4 f5 23. g4 g6 24. Bf3 Ng7 25. Kh1 Kh7 26. Rg1 Qf7 27. h3 Rb7 28. Be3 Rab8 29. Raa1 Bd8 30. Rg2 Qe7 31. Rag1 Qh4 32. Rh2 Qe7 33. h4 fxg4 34. Bxg4 h5 35. Bf3 Qe8 36. Bc1 Nf5 37. Rh3 Nxd4 38. Qf2 Nxf3 39.
Qxf3 Rg7 40. f5 exf5 41. Rhg3 Qe7 42. Bg5 Qe6 43. Bf6 Bxf6 44. Rxg6 Qxe5 45. Qxh5+ Kg8 46. Rxg7+ Bxg7 47. Qg6 Qe4+ 48. Rg2 Qxh4+ 49. Kg1 Qd4+ 50.
Kh2 Qe5+ 51. Kh3 Re8 52. Nb6 Re6 53. Qg5 Qe3+ 54. Kh4 Rh6+ 55. Qh5 Qf4+ 56. Rg4 Qxg4# 0-1

[Event "*** Titled Tuesday 3|2 Blitz"]
[Site "Chess.com"]
[Date "2015.07.07"]
[Round "8"]
[White "PauloCesarCosta"]
[Black "MFBerna"]
[Result "0-1"]
[WhiteElo "2012"]
[BlackElo "2136"]
[TimeControl "180+2"]
[EndTime "12:41:32 PDT"]
[Termination "MFBerna won on time"]

1. Nf3 Nf6 2. c4 e6 3. d4 Bb4+ 4. Bd2 Qe7 5. a3 Bxd2+ 6. Qxd2 b6 7. g3 Ba6 8. Bg2 c6 9. Qc2 d5 10. Nbd2 O-O 11. O-O Nbd7 12. Rac1 c5 13. cxd5 exd5 14. Rfe1 Rfe8 15. e3 Qd6 16. dxc5 bxc5 17. Nb3 Rec8 18. Red1 Qb6 19. Nbd2 Rab8 20. b3 Qa5 21. a4 g6 22.
Qc3 Qb6 23. Ne5 Nxe5 24. Qxe5 Re8 25. Qc3 Rbc8 26. Bf1 Bb7 27. h3 Nh5 28. Bb5 Red8 29. Be2 Ng7 30. Bf3 Ne6 31. Bg2 d4 32. exd4 cxd4 33.
Qa1 Bxg2 34. Kxg2 d3 35. Rxc8 Rxc8 36. Rc1 Qb7+ 37. Kg1 Rd8 38. Qc3 Qd5 39. Qc4 Qb7 40.
Qc6 Qb4 41. Qc3 Qe7 42. Qc6 Ng5 43. Qc3 Nxh3+ 44. Kh2 Nxf2 0-1

[Event "*** Titled Tuesday 3|2 Blitz"]
[Site "Chess.com"]
[Date "2015.07.07"]
[Round "8"]
[White "stepanosinovsky"]
[Black "wanyaland"]
[Result "0-1"]
[WhiteElo "2270"]
[BlackElo "2182"]
[TimeControl "180+2"]
[EndTime "12:42:12 PDT"]
[Termination "wanyaland won on time"]

1. g3 d5 2. Bg2 c6 3. d3 e5 4. Nd2 Nf6 5. Ngf3 Bd6 6. c4 O-O 7. O-O Re8 8. cxd5 cxd5 9. e4 Nc6 10. exd5 Nxd5 11. a3 Bf5 12. Ne4 Bf8 13. Qb3 Nb6 14.
Neg5 Bg6 15. Nh4 Qxd3 16. Qa2 Qc4 17. b3 Qc2 18. Nxg6 Qxa2 19. Rxa2 hxg6 20. b4 Rad8 21. b5 Nd4 22. a4 f6 23. Nf3 Nxf3+ 24. Bxf3 e4 25. Bd1 f5 26. Bb3+ Kh7 27. Be3 Nc8 28.
a5 Rd3 29. Bc4 Rc3 30. Bd5 b6 31. Bb7 Nd6 32. Bc6 Rb8 33. Rd1 Nc4 34. Bd4 Rd3 35. Rxd3 exd3 36. axb6 axb6 37. Bd5 Rd8 38. Bxc4 Rxd4 39.
Bb3 d2 40. Ra1 Bb4 41. Kg2 g5 42. Bd1 g4 43. h3 gxh3+ 44. Kxh3 g5 45. g4 f4 46. Kg2 Bc3 47. Rb1 Kg6 48. Kf3 Kf6 49. Bc2 Ke5 50. Ke2 Kd6 51. Kd1 Kc5 52. f3 Rd7 53. Bf5 Re7 54. Kc2 Re1 55. Rd1 Kd4 0-1

[Event "*** Titled Tuesday 3|2 Blitz"]
[Site "Chess.com"]
[Date "2015.07.07"]
[Round "8"]
[White "Danirod"]
[Black "WanderingPuppet"]
[Result "1-0"]
[WhiteElo "2388"]
[BlackElo "2194"]
[TimeControl "180+2"]
[EndTime "12:42:27 PDT"]
[Termination "Danirod won on time"]

1. e4 c5 2. Nf3 d6 3. d4 cxd4 4. Nxd4 Nf6 5. Nc3 a6 6. Be3 e6 7. g4 Be7 8. g5 Nfd7 9. f4 Nc6 10. Qf3 Qa5 11. O-O-O Nc5 12. Kb1 Bd7 13. h4 O-O-O 14. h5 h6 15. gxh6 Rxh6 16. Nb3 Nxb3 17. axb3 Rhh8 18.
Rg1 Qxh5 19. Qxh5 Rxh5 20. Rxg7 Rf8 21. Bd3 Bf6 22. Rgg1 Kc7 23. Rdf1 Bd4 24. Bxd4 Nxd4 25.
Rg7 Kd8 26. Kc1 Ke7 27. Rg2 Rfh8 28. Kd2 Rh2 29. Rff2 Rxg2 30. Rxg2 Rh4 31. Ke3 Nc6 32. Ne2 Rh3+ 33. Kd2 Nb4 34. Rg8 Nxd3 35. cxd3 Bb5 36. Rg3 Rh1 37. Nd4 Rb1 38. Kc2 Rf1 39. f5 Bd7 40.
fxe6 Bxe6 41. Rg8 Rf2+ 42. Kc3 Rf1 43. Rb8 Rc1+ 44. Nc2 b5 45. Rb6 Rh1 46. Rxa6 Bg4 47. Nd4 Rc1+ 48. Kb4 Rb1 49. Ra7+ Kf6 50. Nxb5 Rxb2 51.
Nxd6 Be6 52. Nc4 Re2 53. Kc3 Re1 54. Ra6 Rb1 55. b4 Ke7 56. Ra7+ Kd8 57. Rb7 Kc8 58. Nd6+ Kd8 59. e5 Rc1+ 60. Kd4 Rf1 61. b5 Rf2 62. b6 Rb2 63. Kc5 Rc2+ 64. Nc4 Re2 65. Kd6 Bc8 66.
Rxf7 1-0

[Event "*** Titled Tuesday 3|2 Blitz"]
[Site "Chess.com"]
[Date "2015.07.07"]
[Round "8"]
[White "ChessWarrior7197"]
[Black "MinhGTrAn"]
[Result "1-0"]
[WhiteElo "2342"]
[BlackElo "2575"]
[TimeControl "180+2"]
[EndTime "12:42:35 PDT"]
[Termination "ChessWarrior7197 won by resignation"]

1. e4 e6 2. d4 d5 3. Nd2 Nf6 4. Bd3 c5 5. dxc5 Bxc5 6. exd5 Qxd5 7. Ngf3 O-O 8. O-O Nc6 9. Nb3 Bb6 10. Bg5 Ng4 11.
h3 Nce5 12. Nxe5 Qxe5 13. Qxg4 Qxb2 14. Qe4 f5 15. Qe2 Bd7 16. Bc4 Rae8 17. Rfd1 Bc8 18. Bf4 Qf6 19. Be5 Qg6 20. Rd3 f4 21. Rf3 Qg5 22.
Bd3 Bd7 23. Qe4 Rf5 24. Bxf4 Qf6 25. Be3 Bc6 26. Rxf5 Qxa1+ 27. Nxa1 Bxe4 28. Re5 Bd5 29. Bxb6 axb6 30. Nb3 Kf7 31. f4 Kf6 32. Kf2 Ra8 33. Nc1 Ra4 34. Ke3 g6 35. g4 h6 36. h4 Kf7 37. g5 h5 38. Be4 Ra3+ 39. Ke2 Bc4+ 40. Bd3 Bd5 41. Re3 Ra4 42. c4 Bxc4 43. Re4 b5 44. Bxc4 bxc4 45. Kd2 b5 46. Re5 Rb4 47. Kc3 Rb1 48. Kc2 Rb4 49. a3 Ra4 50. Kb2 c3+ 51. Kb3 Rxf4 52. Rxb5 Rxh4 53. a4 Rh1 54.
Kc2 Rg1 55. a5 Rg4 56. Kb3 Rd4 57. a6 Rd8 58. Rb7+ Ke8 59. a7 1-0

[Event "*** Titled Tuesday 3|2 Blitz"]
[Site "Chess.com"]
[Date "2015.07.07"]
[Round "8"]
[White "FancyPlaySyndrome"]
[Black "wonderfultime"]
[Result "1/2-1/2"]
[WhiteElo "2358"]
[BlackElo "2565"]
[TimeControl "180+2"]
[EndTime "12:42:37 PDT"]
[Termination "Game drawn by agreement"]

1. e4 c5 2. Nf3 Nc6 3. Bb5 d6 4.
O-O Bd7 5. c3 Nf6 6. Re1 a6 7.
Ba4 b5 8. Bc2 Bg4 9. h3 Bxf3 10.
Qxf3 Nd7 11. d3 g6 12. Nd2 Bg7 13. Nf1 O-O 14. Ne3 a5 15. a4 b4 16. Bd2 Rb8 17. Nc4 bxc3 18. bxc3 Nde5 19. Nxe5 Nxe5 20. Qd1 Qc7 21.
Rb1 Rxb1 22. Qxb1 Rb8 23. Qa2 e6 24. Rb1 Nc6 25. Rb5 Na7 26. Rxb8+ Qxb8 27. Qb3 Qc7 28. Be3 Bf6 29. d4 cxd4 30. cxd4 Nc6 31. Qc4 Qd7 32.
Qb5 Qc8 33. d5 Nd4 34. Bxd4 Bxd4 35. Qd3 e5 36. Bd1 Qc5 37. Qd2 Kg7 38. g3 Bc3 39.
Qd3 Qb4 40. Kg2 Bd4 41. Bc2 Qe1 42. Qf3 Qd2 43. Bd3 Bxf2 44. Qe2 Be3 45. Kf3 Bh6 46. Qxd2 Bxd2 47. Bb5 Kf6 48. Kg4 Be1 49. Kf3 Kg5 50. Be8 f5 51. exf5 gxf5 52. g4 e4+ 53. Ke2 Bb4 54.
gxf5 Kxf5 55. Bf7 Bc5 56. Be6+ Kf4 57. Bg8 h6 58. Be6 Ke5 59. Bg8 Kd4 60. Be6 Kc3 61. Bf7 Kc4 62. Be6 Kb4 63. Bd7 Kc3 64. Be6 Kd4 65.
Bf7 Ke5 66. Be6 Kf4 67. Bf7 Kg5 68. Be6 Kf6 69. Bg8 h5 70. Be6 h4 71. Bg8 Ke5 72.
Be6 Kf4 73. Bg8 Kg3 74. Be6 Bb6 75. Bg4 Kf4 76. Be6 Ke5 77. Bg8 1/2-1/2

[Event "*** Titled Tuesday 3|2 Blitz"]
[Site "Chess.com"]
[Date "2015.07.07"]
[Round "8"]
[White "BjarkeSahl"]
[Black "Lupul_Cenusiu"]
[Result "0-1"]
[WhiteElo "2120"]
[BlackElo "2380"]
[TimeControl "180+2"]
[EndTime "12:42:45 PDT"]
[Termination "Lupul_Cenusiu won on time"]

1. e4 c5 2. Nf3 e6 3. d4 cxd4 4. Nxd4 a6 5. Nc3 b5 6. Bd3 Bb7 7. O-O Nc6 8. Nxc6 Bxc6 9. Ne2 Bc5 10. Ng3 d6 11. Qg4 g6 12. Bg5 Qd7 13. Kh1 h6 14. Be3 e5 15. Qxd7+ Bxd7 16. Bd2 Ne7 17. b4 Bd4 18. c3 Bb6 19. c4 h5 20. Rac1 bxc4 21.
Bxc4 O-O 22. Ne2 Kg7 23. Nc3 Rfc8 24. Nd5 Nxd5 25. Bxd5 Rab8 26. Kg1 Bb5 27. Rxc8 Rxc8 28. Rc1 Rb8 29. Be3 f5 30. Bxb6 Rxb6 31. Rc7+ Kf6 32.
f3 h4 33. g3 hxg3 34. hxg3 Kg5 35. Kf2 Bd3 36. a3 f4 37. Rc6 Rxc6 38. Bxc6 Bb5 39. Bd5 Kf6 40. Bb3 g5 41. a4 Bd3 42. g4 Ke7 43.
Ke1 Kd7 44. Kd2 Bf1 45. Bd1 Kc7 46. Kc3 Kb6 47. Kb3 Kc6 48. Kc3 d5 49. exd5+ Kxd5 50. Bc2 Kc6 51. Be4+ Kb6 52. a5+ Kb5 53. Bg6 Ka4 54.
Be8+ Bb5 55. Bf7 Bc6 56. Bb3+ Ka3 57. Bd1 e4 58. fxe4 Bxe4 59. Be2 Bb7 60. b5 f3 61. Bf1 axb5 62. Bxb5 f2 63. a6 Bc6 64.
a7 Ba8 0-1

[Event "*** Titled Tuesday 3|2 Blitz"]
[Site "Chess.com"]
[Date "2015.07.07"]
[Round "8"]
[White "1random"]
[Black "Carolina-moon"]
[Result "1-0"]
[WhiteElo "1998"]
[BlackElo "1976"]
[TimeControl "180+2"]
[EndTime "12:43:09 PDT"]
[Termination "1random won by checkmate"]

1. e4 c5 2. Nf3 d6 3. d4 cxd4 4. Nxd4 Nf6 5. Nc3 a6 6. Bg5 e6 7.
f4 Be7 8. Qf3 Qc7 9. O-O-O Nbd7 10. Kb1 b5 11. a3 Bb7 12. g4 Nc5 13. Bd3 h6 14. Bxf6 Bxf6 15. Nde2 O-O-O 16. h4 Kb8 17. g5 hxg5 18. hxg5 Rxh1 19. Rxh1 Be7 20. Rh7 Bf8 21.
Ng3 d5 22. exd5 exd5 23. Qe2 Ne6 24. Nh5 Nxf4 25. Nxf4 Qxf4 26. g6 fxg6 27. Bxg6 b4 28. axb4 Bxb4 29. Rxg7 Qf6 30. Qh2+ Bd6 31. Qh7 Bc8 32. Bd3 Be5 33. Na4 Qxg7 34. Qh4 Qc7 35. Nc5 Bb7 36. Ne6 Qb6 37. Qxd8+ Qxd8 38. Nxd8 Bc8 39. Nc6+ Kc7 40. Nxe5 Kd6 41. Nf3 Kc5 42. c3 a5 43. Nd4 Bg4 44. Kc2 a4 45. Bb5 a3 46. bxa3 Bh5 47. Bd7 Bg6+ 48. Bf5 Bf7 49.
Kb3 Be8 50. a4 Kb6 51. Kb4 Ka7 52. a5 Ka6 53. Nb3 Bf7 54. Nc5+ Ka7 55. a6 Be8 56. Ka5 Bc6 57. Nb3 Be8 58. Nd4 Bd7 59.
Bxd7 Kb8 60. Kb6 Ka8 61. Nb5 Kb8 62. a7+ Ka8 63. Be8 d4 64. c4 d3 65. c5 d2 66. c6 d1=Q 67. Nc7# 1-0

[Event "*** Titled Tuesday 3|2 Blitz"]
[Site "Chess.com"]
[Date "2015.07.07"]
[Round "8"]
[White "MichiganEagle"]
[Black "kesarev"]
[Result "1-0"]
[WhiteElo "2274"]
[BlackElo "2192"]
[TimeControl "180+2"]
[EndTime "12:44:54 PDT"]
[Termination "MichiganEagle won on time"]

1. d4 Nf6 2. Nf3 g6 3. g3 Bg7 4.
Bg2 O-O 5. O-O d6 6. a4 c5 7.
dxc5 dxc5 8. Qxd8 Rxd8 9. a5 Na6 10. c3 Bf5 11. Nbd2 Ne8 12. Nh4 Bc8 13. Nc4 Nd6 14. Nxd6 Rxd6 15. Bf4 e5 16. Be3 Kf8 17. Rfd1 Ke7 18.
Bd5 Rb8 19. b4 cxb4 20. cxb4 Be6 21. Bxe6 Rxd1+ 22. Rxd1 Kxe6 23. b5 Nc7 24. Bxa7 Ra8 25. Bb6 Nxb5 26. Nf3 h6 27. Rc1 e4 28. Nd2 f5 29. Nb3 Nc3 30. Rc2 Kd5 31. Nc5 Rb8 32. f3 exf3 33. exf3 Bd4+ 34. Kg2 Bxc5 35. Rxc3 Bd6 36.
Rd3+ Kc6 37. h4 Re8 38. Rc3+ Kb5 39. Rb3+ Kc4 40. Rb2 Kd5 41. Bf2 Kc6 42. Rb6+ Kc7 43. a6 bxa6 44. Rxa6 Re2 45. Kf1 Rc2 46. Ra7+ Kc6 47. Rg7 f4 48. Rxg6 Kd5 49. g4 Rc3 50. Kg2 Rc2 51. Kg1 Rc1+ 52. Kg2 Rc2 53. Kf1 Rc1+ 54.
Ke2 Rc2+ 55. Kf1 Rc1+ 56. Kg2 Rc2 57. Rf6 Be5 58. Rf5 Ke6 59. Kf1 Rc1+ 60. Ke2 Rc2+ 61.
Kf1 Rc1+ 62. Kg2 Rc2 63. Kg1 Rc1+ 64. Kg2 Rc2 65. Kf1 Rc1+ 66. Ke2 Rc2+ 67. Ke1 Rc1+ 68.
Kd2 Rf1 69. Ke2 Rc1 70. Rf8 Rc2+ 71. Ke1 Bc3+ 72. Kf1 Bf6 73. Re8+ Kf7 74. Ra8 Rc1+ 75. Kg2 Rc2 76. Ra7+ Kg6 77. Ra6 Kg7 78. Kf1 Rc3 79. Ra7+ Kg8 80. Ra8+ Kg7 81. Ra7+ Kg8 82. Ra6 Kg7 83. Ke2 Rc2+ 84. Ke1 Bc3+ 85. Kf1 Be5 86. Re6 Bf6 87. Re2 Rc1+ 88. Kg2 Rb1 89. Bc5 1-0

[Event "*** Titled Tuesday 3|2 Blitz"]
[Site "Chess.com"]
[Date "2015.07.07"]
[Round "9"]
[White "VSERGUEI"]
[Black "Hikaru"]
[Result "1/2-1/2"]
[WhiteElo "2569"]
[BlackElo "2838"]
[TimeControl "180+2"]
[EndTime "12:46:26 PDT"]
[Termination "Game drawn by agreement"]

1. d4 d6 2. Nf3 g6 3. c4 Bg7 4. Nc3 Nd7 5. e4 Nh6 6. Be2 e5 7.
O-O O-O 8. Re1 f5 9. dxe5 Nxe5 10. Nxe5 dxe5 11. Qxd8 Rxd8 12. Bg5 1/2-1/2

[Event "*** Titled Tuesday 3|2 Blitz"]
[Site "Chess.com"]
[Date "2015.07.07"]
[Round "9"]
[White "WanderingPuppet"]
[Black "1random"]
[Result "1-0"]
[WhiteElo "2198"]
[BlackElo "1994"]
[TimeControl "180+2"]
[EndTime "12:49:28 PDT"]
[Termination "WanderingPuppet won by checkmate"]

1. e4 b6 2. d4 Bb7 3. Nc3 e6 4.
Bd3 Nf6 5. Qe2 d6 6. Nf3 Be7 7. e5 dxe5 8. dxe5 Nd5 9. O-O Nxc3 10. bxc3 Nd7 11. Rd1 Qc8 12. a4 a5 13. Bb5 c6 14.
Bd3 Nc5 15. Ba3 Nxd3 16. Qxd3 Bxa3 17. Rxa3 O-O 18. Qe3 c5 19. h3 Bxf3 20. Qxf3 Ra7 21. c4 Rd7 22. Rad3 Rfd8 23. Rxd7 Rxd7 24. Rxd7 Qe8 25.
Qd3 g6 26. Rd8 Qxd8 27. Qxd8+ Kg7 28. Qf6+ Kg8 29. g4 h5 30. gxh5 gxh5 31. Kg2 Kf8 32. Kf3 Ke8 33. Ke4 Kd7 34. Qxf7+ Kc6 35. Qxe6+ Kb7 36. Qd7+ Ka6 37. Qb5+ Kb7 38. Kd5 h4 39.
Kd6 Ka7 40. e6 Ka8 41. e7 Ka7 42. e8=Q Kb7 43. Qed7+ Ka8 44. Qc8+ Ka7 45. Qbd7# 1-0

[Event "*** Titled Tuesday 3|2 Blitz"]
[Site "Chess.com"]
[Date "2015.07.07"]
[Round "9"]
[White "stepanosinovsky"]
[Black "Schemato"]
[Result "1-0"]
[WhiteElo "2274"]
[BlackElo "2028"]
[TimeControl "180+2"]
[EndTime "12:50:37 PDT"]
[Termination "stepanosinovsky won by checkmate"]

1. g3 c5 2. Bg2 g6 3. d3 Bg7 4. Nd2 Nc6 5. e4 e5 6. Ngf3 Nge7 7. O-O O-O 8. Nc4 d6 9. Ne3 h6 10. c4 Be6 11. Nd5 Qd7 12. Be3 f5 13. Qd2 Kh7 14.
Nh4 Nd4 15. Bxd4 exd4 16. f4 fxe4 17. Bxe4 Nf5 18. Nxf5 Bxf5 19. Rae1 Be6 20. Qd1 Bxd5 21. Bxd5 Rae8 22. Be4 b6 23. Kg2 Qf7 24. h4 Kh8 25. Qg4 Qe6 26. Qxg6 Rf6 27. Qh7# 1-0

[Event "*** Titled Tuesday 3|2 Blitz"]
[Site "Chess.com"]
[Date "2015.07.07"]
[Round "9"]
[White "lexiel"]
[Black "ChessWarrior7197"]
[Result "1-0"]
[WhiteElo "2262"]
[BlackElo "2332"]
[TimeControl "180+2"]
[EndTime "12:50:38 PDT"]
[Termination "lexiel won - game abandoned"]

1. d4 Nf6 2. Nc3 d5 3. Bf4 e6 4. e3 Bb4 5. Bd3 c5 6. dxc5 Nbd7 7. Ne2 Nxc5 8. O-O O-O 9. a3 Bxc3 10. Nxc3 Nxd3 11. cxd3 Bd7 12. Rc1 Qb6 13. Qd2 Rac8 14. h3 d4 15. exd4 Qxd4 16. Rfe1 Nd5 17. Be5 Qh4 18.
Nxd5 exd5 19. Rxc8 Rxc8 20. Qa5 a6 21. Qxd5 Bc6 22. Qc4 Qxc4 23. dxc4 Re8 24. f3 f6 25. Bc3 Rxe1+ 26. Bxe1 Ba4 27. Kf2 Bb3 28. c5 Kf7 29. Ke3 Ke6 30. Kd4 Bd5 31. Bg3 g5 32. Bc7 f5 33.
Bd8 g4 34. hxg4 fxg4 35. Ke3 h5 36. b4 1-0